 Dungeon Crawl Stone Soup version 0.29-a0-344-ge2f44be95a (webtiles) character file.

Game seed: 15057043667145809266

111 sammy202020 the Skirmisher (level 4, -3/45 HPs)
             Began as a Gargoyle Berserker on Apr 22, 2022.
             Was a Believer of Trog.
             Killed from afar by Ijyb (10 damage)
             ... with a puff of flame
             ... on level 3 of the Dungeon.
             The game lasted 00:02:54 (3108 turns).

sammy202020 the Skirmisher (Gargoyle Berserker)     Turns: 3108, Time: 00:02:55

Health: -3/45      AC: 15    Str: 20    XL:     4   Next: 92%
Magic:  4/4        EV: 10    Int: 10    God:    Trog [**....]
Gold:   165        SH:  0    Dex:  9    Spells: 3/3 levels left

rFire   . . .      SeeInvis .   a - +0 mace
rCold   . . .      Faith    .   (no shield)
rNeg    + . .      Spirit   .   c - +1 scale mail
rPois   ∞          Reflect  .   (no helmet)
rElec   +          Harm     .   (no cloak)
rCorr   .          Rampage  .   (no gloves)
Will    .....                   (no boots)
Stlth   ..........              (no amulet)
HPRegen 0.15/turn               d - +4 ring of protection
MPRegen 0.09/turn               (no ring)

@: berserking, very quick
A: sickness immunity, AC +3, negative energy resistance 1, electricity
resistance, torment resistance 1, petrification resistance
a: Renounce Religion, Berserk, Trog's Hand


You were on level 3 of the Dungeon.
You worshipped Trog.
Trog was pleased with you.
You visited 1 branch of the dungeon, and saw 3 of its levels.

You collected 165 gold pieces.

Inventory:

Hand Weapons
 a - a +0 mace (weapon)
Missiles
 i - 6 curare-tipped darts (quivered)
Armour
 c - a +1 scale mail (worn)
Jewellery
 d - a +4 ring of protection (left hand)
Wands
 g - a wand of polymorph (11)
Scrolls
 f - 2 scrolls of enchant armour
Potions
 b - a potion of flight
 e - a potion of might
 j - 2 potions of heal wounds
 k - a potion of brilliance


   Skills:
 * Level 4.3 Fighting
 * Level 4.0 Maces & Flails
 + Level 2.9 Armour
 + Level 2.1 Dodging


You had 3 spell levels left.
You didn't know any spells.
Your spell library was empty.

Dungeon Overview and Level Annotations

Branches:
Dungeon (3/15)

Altars:

Annotations:
D:3 Ijyb


Innate Abilities, Weirdness & Mutations

You are immune to sickness and miasma.
Your stone body is resilient. (AC +3)
You are immune to poison.
You resist negative energy. (rN+)
You are resistant to electric shocks. (rElec)
You are resistant to unholy torment.
You are immune to petrification.


Message History

Ijyb is severely wounded.
Ijyb zaps a wand.
The puff of flame hits you but does no damage.
Ijyb closely misses you.
You hit Ijyb but do no damage.
Ijyb is severely wounded.
Ijyb hits you but does no damage.
You hit Ijyb but do no damage.
Ijyb is severely wounded.
Ijyb completely misses you.
You hit Ijyb.
Ijyb is almost dead.
Ijyb barely misses you.
You barely miss Ijyb.
Ijyb is almost dead.
Ijyb zaps a wand.
The puff of flame hits you!
* * * LOW HITPOINT WARNING * * *
You barely miss Ijyb.
Ijyb is almost dead.
Ijyb hits you but does no damage. Ijyb closely misses you.
You hit Ijyb but do no damage.
Ijyb is almost dead.
Ijyb barely misses you.
You hit Ijyb but do no damage.
Ijyb is almost dead.
Ijyb hits you with a +0 dagger.
* * * LOW HITPOINT WARNING * * *
You barely miss Ijyb.
Ijyb is almost dead.
Ijyb hits you but does no damage.
A red film seems to cover your vision as you go berserk!
You feel yourself moving faster!
You feel mighty! Ijyb hits you but does no damage.
You barely miss Ijyb.
Ijyb is almost dead.
Ijyb completely misses you.
You closely miss Ijyb.
Ijyb is almost dead.
Ijyb zaps a wand.
The puff of flame hits you!
You die...

#.###.#..#.##.#.######
#.....#..#.##.#.#
#######..#.##.#.#
#..#.##.#.#
##...##.#.# #.####.#.#
#.# #.#.# ♣♣##.####.#
♣.....@g..#
♣......##### ♣........
♣.♣....#### ♣ ♣♣♣##


You could see Ijyb.

Vanquished Creatures
  Terence (D:2)
  3 adders (D:2)
  A worm (D:2)
  3 dart slugs
  2 endoplasms
  3 giant cockroaches
  5 goblins
  3 hobgoblins
  3 jackals (D:2)
  2 quokkas (D:1)
  5 ball pythons
  11 bats
  2 frilled lizards
  5 kobolds
  2 rats
51 creatures vanquished.

Notes
Turn   | Place    | Note
-------+----------+-------------------------------------------
     0 | D:1      | sammy202020 the Gargoyle Berserker began the quest for the
                  | Orb.
     0 | D:1      | Reached XP level 1. HP: 14/14 MP: 1/1
   376 | D:1      | Reached XP level 2. HP: 12/19 MP: 2/2
   899 | D:1      | Found a faded altar of an unknown god.
  1054 | D:1      | Reached ** piety under Trog
  1729 | D:2      | Reached XP level 3. HP: 24/24 MP: 3/3
  1874 | D:2      | Noticed Terence
  1879 | D:2      | Killed Terence
  2051 | D:2      | Reached XP level 4. HP: 28/29 MP: 4/4
  3080 | D:3      | Noticed Ijyb
  3108 | D:3      | Killed from afar by Ijyb

Illustrated notes

Levels and vault maps discovered:
D:1:      dpeg_arrival_shrine, layout_basic, hellmonk_ecumenical_altar_zigzags
D:2:      layout_loops_corners, uniq_terence
D:3:      layout_basic, gammafunk_ghost_cemetery, uniq_ijyb, uniq_grinder,
          uniq_crazy_yiuf_cottage, uniq_natasha

Skill      XL: |  1  2  3  4 |
---------------+-------------+-----
Fighting       | 4 |  4.3
Dodging        | 2 |  2.1
Maces & Flails | 4 |  4.0
Armour         | |  2.9

Action                   |  1- 3 |  4- 6 || total
-------------------------+-------+-------++-------
Melee: Mace              |   113 |   104 ||   217
       Punch             |     1 |       ||     1
Invok: Berserk           |       |     1 ||     1
  Use: Scroll            |       |     7 ||     7
Armor: Scale mail        |    61 |    73 ||   134
Dodge: Dodged            |    75 |    64 ||   139

Table legend: (Time is in decaauts)
 A = Elapsed time spent in this place.
 B = Non-inter-level travel time spent in this place.
 C = Inter-level travel time spent in this place.
 D = Time resting spent in this place.
 E = Time spent auto-exploring this place.
 F = Levels seen in this place.
 G = Mean time per level.
                   A        B        C        D        E       F      G
               +--------+--------+--------+--------+--------+-----+--------+
         Total |   3156 |   3051 |    105 |      0 |   2501 |   3 | 1052.0 |
       Dungeon |   3156 |   3051 |    105 |      0 |   2501 |   3 | 1052.0 |
               +--------+--------+--------+--------+--------+-----+--------+

Top non-repeatable levels by time:
     D:1: 1725 daAuts
     D:2: 1185 daAuts
     D:3: 245 daAuts
